 Dungeon Crawl Stone Soup version 0.29.1-2-gbd0b4ee654 (webtiles) character file.

Game seed: 16371576424497342407

371 fireball365 the Chopper (level 6, 0/51 HPs)
             Began as a Hill Orc Fighter on Oct 27, 2022.
             Slain by an orc warrior
             ... wielding a +3 hand axe
              (1 damage)
             ... on level 4 of the Dungeon.
             The game lasted 00:08:32 (2565 turns).

fireball365 the Chopper (Hill Orc Fighter)          Turns: 2565, Time: 00:08:33

Health: 0/51       AC: 10    Str: 21    XL:     6   Next: 70%
Magic:  6/6        EV:  9    Int:  8    God:
Gold:   124        SH:  0    Dex: 10    Spells: 5/5 levels left

rFire   . . .      SeeInvis .   h - +0 scythe
rCold   . . .      Faith    .   (shield currently unavailable)
rNeg    . . .      Spirit   .   b - +0 scale mail
rPois   .          Reflect  .   (no helmet)
rElec   .          Harm     .   i - +1 cloak
rCorr   .          Rampage  .   (no gloves)
Will    .....                   f - +0 pair of boots
Stlth   ..........              (no amulet)
HPRegen 0.17/turn               (no ring)
MPRegen 0.10/turn               (no ring)

@: mighty, lethally poisoned (0 -> -11), about to teleport
A: no striking features
a: no special abilities


You were on level 4 of the Dungeon.
You visited 1 branch of the dungeon, and saw 3 of its levels.

You collected 124 gold pieces.

Inventory:

Hand Weapons
 a - a +0 war axe
 h - a +0 scythe (weapon)
Missiles
 j - 2 poisoned darts (quivered)
 n - 3 silver boomerangs
Armour
 b - a +0 scale mail (worn)
 c - a +0 buckler
 f - a +0 pair of boots (worn)
 i - a +1 cloak (worn)
Magical Staves
 m - a staff of earth
Scrolls
 k - a scroll of poison
Potions
 g - 2 potions of brilliance {unknown}


   Skills:
 - Level 3.6 Fighting
 - Level 6.6(7.0) Axes
 * Level 2.6(4.4) Polearms
 + Level 5.2 Armour
 - Level 3.3 Shields


You had 5 spell levels left.
You didn't know any spells.
Your spell library contained the following spells:

 Spells                   Type           Power      Damage    Failure   Level
 Sting                    Tmut/Pois      0%         1d3       73%         1
 Blink                    Tloc           0%         N/A       86%         2
 Poisonous Vapours        Pois/Air       0%         N/A       86%         2
 Lesser Beckoning         Tloc           0%         N/A       97%         3
 Ozocubu's Armour         Ice            0%         N/A       97%         3
 Olgreb's Toxic Radiance  Pois           0%         N/A       100%        4
 Manifold Assault         Tloc           0%         N/A       100%        5
 Metabolic Englaciation   Hex/Ice        0%         N/A       100%        5
 Simulacrum               Ice/Necr       0%         N/A       100%        6


Dungeon Overview and Level Annotations

Branches:
Dungeon (4/15)
 Temple: D:4-7

Altars:

Shops:
D:1 [   D:2 *


Message History

The orc warrior throws a boomerang.
The boomerang closely misses you.
An orc comes into view. It is wielding a +1 dagger of venom.
The orc shouts!
You closely miss the orc warrior. You hit the orc warrior.
The orc warrior is lightly wounded.
The orc warrior barely misses you.
You barely miss the orc warrior.
The orc warrior is lightly wounded.
The orc wizard barely misses you. The orc warrior closely misses you.
The orc warrior completely misses you.
The orc wizard hits you with a +0 dagger.
You barely miss the orc warrior.
The orc warrior is lightly wounded.
The orc hits you with a +1 dagger of venom.
The orc wizard hits you with a +0 dagger.
The orc warrior hits you with a +3 hand axe!
You barely miss the orc warrior.
The orc warrior is lightly wounded.
The orc hits you but does no damage.
You are poisoned.
The orc wizard hits you but does no damage.
The orc warrior hits you with a +3 hand axe!!
* * * LOW HITPOINT WARNING * * *
As you read the scroll of teleportation, it crumbles to dust.
You feel strangely unstable.
* * * LOW HITPOINT WARNING * * *
You feel very sick. The orc hits you but does no damage.
You are more poisoned.
The orc warrior barely misses you.
The orc wizard hits you with a +0 dagger.
* * * LOW HITPOINT WARNING * * *
You feel very mighty all of a sudden.
* * * LOW HITPOINT WARNING * * *
You feel very sick. The orc barely misses you.
The orc wizard hits you but does no damage.
The orc warrior hits you with a +3 hand axe.
You die...

#.#...#.#
#......)#
####.......#
.....##.##.######
..... #.........#
.....#####.####.#
............###.#
................#
.<.#.#@o##.#####
# #oo.......
#!###.###. #.# .#
... .# .... ##
.... ......


You could see an orc warrior, an orc wizard and an orc.

Vanquished Creatures
  Sigmund (D:2)
  A black bear (D:4)
  An iguana (D:4)
  A gnoll (D:1)
  3 adders
  A worm (D:2)
  4 dart slugs
  2 endoplasms
  5 giant cockroaches
  6 goblins
  2 hobgoblins
  4 jackals (D:2)
  4 quokkas
  5 ball pythons (D:1)
  3 bats
  3 frilled lizards
  A kobold (D:2)
  8 rats
55 creatures vanquished.

Notes
Turn   | Place    | Note
-------+----------+-------------------------------------------
     0 | D:1      | fireball365 the Hill Orc Fighter began the quest for the
                  | Orb.
     0 | D:1      | Reached XP level 1. HP: 19/19 MP: 1/1
    58 | D:1      | Reached skill level 3 in Axes
    71 | D:1      | Reached XP level 2. HP: 17/26 MP: 2/2
    85 | D:1      | Found Poshacs's Antique Armour Boutique.
   430 | D:1      | Reached skill level 4 in Axes
   430 | D:1      | Reached XP level 3. HP: 23/31 MP: 3/3
   967 | D:2      | Reached XP level 4. HP: 30/39 MP: 4/4
  1115 | D:2      | Noticed Sigmund
  1163 | D:2      | Killed Sigmund
  1164 | D:2      | Reached skill level 6 in Axes
  1164 | D:2      | Reached XP level 5. HP: 33/45 MP: 5/5
  1164 | D:2      | Reached XP level 6. HP: 37/51 MP: 6/6
  1884 | D:2      | Found Bulesom's General Store.
  2287 | D:2      | You fall into a shaft and drop 2 floors!
  2315 | D:4      | Noticed a black bear
  2330 | D:4      | Killed a black bear
  2331 | D:4      | Reached skill level 5 in Armour
  2553 | D:4      | Noticed an orc warrior
  2565 | D:4      | HP: 1/51 [poisoned by an orc]
  2565 | D:4      | Slain by an orc warrior

Illustrated notes

Levels and vault maps discovered:
D:1:      lightli_iron_boxes, layout_basic, serial_shops, shop,
          hangedman_decor_clover_reticule
D:2:      layout_basic, serial_shops, shop, minmay_misc_feat_tower,
          kennysheep_generic_room_13, uniq_sigmund
D:4:      layout_loops_cross, led_xom_imps

Skill      XL: |  1  2  3  4  5  6 |
---------------+-------------------+-----
Axes           | 3 4 6 |  6.6
Armour         | 4 5 |  5.2
Polearms       | 2 |  2.6
Fighting       | |  3.6
Shields        | |  3.3

Action                   |  1- 3 |  4- 6 || total
-------------------------+-------+-------++-------
Melee: War axe           |    77 |    40 ||   117
       Halberd           |       |    85 ||    85
  Use: Scroll            |     1 |     3 ||     4
       Potion            |       |     1 ||     1
Armor: Scale mail        |    76 |   116 ||   192
Dodge: Dodged            |    80 |   110 ||   190
Block: Buckler           |    37 |    12 ||    49
